 Dungeon Crawl Stone Soup version 0.26.1-2-gb8aa6d0 (webtiles) character file.

Game seed: 11525094323381848108

79 Geeful the Shield-Bearer (level 4, -1/40 HPs)
             Began as a Hill Orc Abyssal Knight on May 12, 2021.
             Was a Believer of Lugonu.
             Slain by an orc priest
             ... wielding a +0 trident
              (5 damage)
             ... on level 3 of the Dungeon.
             The game lasted 00:07:44 (2339 turns).

Geeful the Shield-Bearer (Hill Orc Abyssal Knight)  Turns: 2339, Time: 00:07:45

Health: -1/40      AC:  6    Str: 15    XL:     4   Next: 38%
Magic:  5/5        EV: 11    Int: 12    God:    Lugonu [**....]
Gold:   94         SH:  0    Dex: 10    Spells: 3/3 levels left

rFire    . . .     SeeInvis .   a - +2 hand axe
rCold    + . .     Faith    .   (no shield)
rNeg     . . .     Spirit   .   j - +1 leather armour {rC+}
rPois    .         Reflect  .   (no helmet)
rElec    .         Harm     .   (no cloak)
rCorr    +         Rampage  .   (no gloves)
Will     .....                  k - +1 pair of boots
Stlth    +.........             (no amulet)
HPRegen  0.13/turn              d - ring of resist corrosion
MPRegen  0.09/turn              (no ring)

@: hasted, very quick
A: no striking features
a: Renounce Religion, Convert to Beogh, Depart the Abyss, Bend Space


You were on level 3 of the Dungeon.
You worshipped Lugonu.
Lugonu was pleased with you.
You visited 1 branch of the dungeon, and saw 3 of its levels.
You visited the Abyss 1 time.

You collected 94 gold pieces.

Inventory:

Hand Weapons
 a - a +2 hand axe (weapon)
Missiles
 e - 21 poisoned darts (quivered)
Armour
 c - a +0 buckler
 j - a +1 leather armour of cold resistance (worn)
 k - a +1 pair of boots (worn)
Jewellery
 d - a ring of resist corrosion (left hand)
Scrolls
 g - a scroll of teleportation
 n - 2 scrolls of remove curse
 q - a scroll of magic mapping
Potions
 b - a potion of degeneration {unknown}
 f - a potion of cancellation {unknown}
 h - 2 potions of haste
 i - a potion of curing {unknown}
 l - a potion of magic
 m - a potion of attraction


   Skills:
 * Level 3.7 Fighting
 * Level 2.8 Axes
 * Level 2.2 Armour
 + Level 0.8 Dodging
 - Level 4.0 Shields
 + Level 2.4 Invocations


You had 3 spell levels left.
You didn't know any spells.
Your spell library was empty.

Dungeon Overview and Level Annotations

Branches:
Dungeon (3/15)

Altars:

Portals:
Sewer: D:3


Message History

The giant cockroach bites you.
* * * LOW HITPOINT WARNING * * *
The river rat bites you but does no damage.
The orc priest shouts, "Beogh is our master!
Accept the truth or die!"
The orc priest hits you from afar with a +0 trident.
* * * LOW HITPOINT WARNING * * *
A frilled lizard comes into view.
The frilled lizard hisses angrily.
You enter the shallow water.
Moving in this stuff is going to be slow.
The orc priest miscasts a cantrip.
The orc wizard points at itself and mumbles some strange words.
The orc wizard flickers and vanishes!
Deactivating autopickup; reactivate with Ctrl-A.
There is a glowing drain here.
A puff of flame appears from out of thin air!
The puff of flame hits you.
* * * LOW HITPOINT WARNING * * *
The orc priest hits you from afar with a +0 trident.
You die...

# ##### .##
.....######..#
.............# ....
.............#
........#...(..≈≈≈....#
..#..##.# #..≈≈≈≈≈...#
.###.##.# #..≈≈@l≈...#
.)...##.# #..≈≈§≈≈...#
.....##.####..o§B≈....#
.(...#.......oo......##
.....#........{.r....#
..).........r####r.###
.(†..#........r...##
.....#......r######
†....#########


You could see an orc priest, 2 river rats, 2 orcs, a giant cockroach, a frilled
lizard and a rat.

Vanquished Creatures
  An adder (D:3)
  3 worms (D:3)
  3 dart slugs
  2 leopard geckos
  3 orcs (D:3)
  2 bats
  4 giant cockroaches
  4 hobgoblins
  2 ball pythons (D:3)
  14 frilled lizards
  7 goblins
  5 kobolds
  4 rats
54 creatures vanquished.

Vanquished Creatures (others)
  4 plants (D:1)
4 creatures vanquished.

Grand Total: 58 creatures vanquished

Notes
Turn   | Place    | Note
-------+----------+-------------------------------------------
     0 | Abyss:1  | Geeful the Hill Orc Abyssal Knight began the quest for the
                  | Orb.
     0 | Abyss:1  | Reached XP level 1. HP: 19/19 MP: 2/2
    43 | Abyss:1  | Noticed a ynoxinul
    44 | D:1      | Escaped the Abyss
   141 | D:1      | Reached skill level 1 in Shields
   150 | D:1      | Reached XP level 2. HP: 19/26 MP: 3/3
   154 | D:1      | Reached * piety under Lugonu
   161 | D:1      | Reached skill level 2 in Shields
  1273 | D:2      | Reached XP level 3. HP: 26/31 MP: 4/4
  1409 | D:2      | Reached skill level 3 in Shields
  1848 | D:2      | You fall into a shaft and drop 1 floor!
  1899 | D:3      | Reached ** piety under Lugonu
  2251 | D:3      | Reached XP level 4. HP: 38/39 MP: 5/5
  2268 | D:3      | Reached skill level 4 in Shields
  2310 | D:3      | Found a glowing drain.
  2339 | D:3      | Slain by an orc priest

Illustrated notes

Levels and vault maps discovered:
D:1:      minmay_arrival_four_houses, layout_basic, minmay_lizard_king
D:2:      layout_loops_ring, hangedman_decor_peaks_small, uniq_robin
D:3:      layout_rooms, portal_sewer_entry_a, kennysheep_nub, uniq_terence

Skill      XL: |  1  2  3  4 |
---------------+-------------+-----
Shields        | 1 2 3 4 |  4.0
Fighting       | |  3.7
Axes           | |  2.8
Armour         | |  2.2
Dodging        | |  0.8
Invocations    | |  2.4

Action                   |  1- 3 |  4- 6 || total
-------------------------+-------+-------++-------
Melee: Hand axe          |   127 |    29 ||   156
Invok: Depart the Abyss  |     1 |       ||     1
  Use: Scroll            |    10 |       ||    10
       Potion            |     1 |     1 ||     2
Armor: Leather armour    |    29 |    16 ||    45
Dodge: Dodged            |    51 |    20 ||    71
